 Dungeon Crawl Stone Soup version 0.21.1-1-g345015fe64 (webtiles) character file.

3427 rockboris the Cleaver (level 9, 77/85 HPs)
             Began as a Minotaur Fighter on Mar 14, 2018.
             Quit the game on level 6 of the Dungeon on Mar 22, 2018.
             The game lasted 00:32:47 (9004 turns).

rockboris the Cleaver (Minotaur Fighter)            Turns: 9004, Time: 00:32:48

Health: 77/85      AC: 17    Str: 26    XL:     9   Next: 76%
Magic:  8/8        EV:  7    Int:  5    God:
Gold:   487        SH:  0    Dex: 14    Spells: 8/8 levels left

rFire    + . .     SeeInvis .   O - +7 whip of Intuition {venom, *Drain rElec Str+3 Stlth+}
rCold    . . .     Gourm    .   (no shield)
rNeg     . . .     Faith    .   z - +0 plate armour
rPois    .         Spirit   .   (helmet restricted)
rElec    +         Reflect  .   R - +1 cloak
rCorr    .         Harm     .   r - +0 pair of gloves
MR       .....                  x - +1 pair of boots
Stlth    ..........             (no amulet)
HPRegen  0.24/turn              o - ring of protection from fire
MPRegen  0.11/turn              A - +3 ring of dexterity

@: no status effects
A: retaliatory headbutt, horns 2
a: no special abilities


You were on level 6 of the Dungeon.
You were not hungry.

You visited 1 branch of the dungeon, and saw 9 of its levels.

You collected 487 gold pieces.

Inventory:

Hand Weapons
 a - a +0 war axe
 b - a +0 hand crossbow
 q - a +0 hunting sling
 H - a +0 blowgun
 O - the +7 whip of Intuition (weapon) {venom, *Drain rElec Str+3 Stlth+}
   (You took it off an orc on level 7 of the Dungeon)

   It poisons the flesh of those it strikes.
   It affects your strength (+3).
   It insulates you from electricity.
   It causes draining when unequipped.
   It makes you more stealthy.
Missiles
 j - 182 stones (quivered)
 l - 14 tomahawks
 p - 87 bolts
 s - 51 sling bullets
 G - 8 poisoned needles
Armour
 c - a +0 shield
 r - a +0 pair of gloves (worn)
 x - a +1 pair of boots (worn)
 z - a +0 plate armour (worn)
 I - a +1 ring mail of fire resistance
 R - a +1 cloak (worn)
Jewellery
 o - a ring of protection from fire (left hand)
 A - a +3 ring of dexterity (right hand)
 J - an uncursed amulet of regeneration {unknown}
Wands
 D - a wand of acid (3)
 F - a wand of polymorph (16)
 M - a wand of disintegration (8)
Scrolls
 e - a scroll of identify
 h - 2 scrolls of blinking
 k - a scroll of fog {unknown}
 n - 3 scrolls of enchant armour
 u - a scroll of enchant weapon {unknown}
 v - 3 scrolls of remove curse
 y - 2 scrolls of fear {unknown}
 C - 2 scrolls of magic mapping {unknown}
 E - 3 scrolls of teleportation {unknown}
 K - 3 scrolls of vulnerability {unknown}
Potions
 d - 4 potions of might
 g - a potion of ambrosia
 i - a potion of invisibility
 m - 4 potions of heal wounds
 t - 2 potions of flight
 w - 3 potions of haste
 B - a potion of berserk rage
 L - a potion of mutation
 N - a potion of curing {unknown}
Comestibles
 f - 9 rations


   Skills:
 - Level 10.0 Fighting
 + Level 13.1 Axes
 + Level 4.9 Armour
 - Level 3.6 Shields


You had 8 spell levels left.
You didn't know any spells.

Dungeon Overview and Level Annotations

Branches:
Dungeon (9/15)             Temple (0/1) D:6             Orc (0/2) D:9
   Lair: D:8-11

Altars:
Elyvilon
Kikubaaqudgha
Makhleb
Xom
Yredelemnul

Shops:
D:5 }   D:6 *   D:7 %   D:9 [

Annotations:
D:7 Joseph


Innate Abilities, Weirdness & Mutations

You reflexively headbutt those who attack you in melee.
You have a pair of horns on your head.


Message History

The gnoll is lightly wounded.
You closely miss the gnoll. You headbutt the gnoll.
The gnoll is moderately wounded.
The gnoll closely misses you. The gnoll hits you but does no damage.
You hit the gnoll.
The gnoll is poisoned.
The gnoll is moderately wounded.
The gnoll hits you but does no damage. x2
You whack the gnoll!
The gnoll looks as sick as possible!
You kill the gnoll!
The gnoll hits you but does no damage.
You completely miss the gnoll. You whack the gnoll! You headbutt the gnoll.
The gnoll is almost dead.
The gnoll hits you but does no damage.
You closely miss the gnoll. You headbutt the gnoll.
The gnoll is almost dead.
The gnoll closely misses you.
Your plate armour prevents you from hitting the gnoll.
You kill the gnoll!
Are you sure you want to abandon this character and quit the game? (Confirm with "yes".)

#.######.# ##.....##
#.#####.. #........#
##...## #.# ...
########.# ##+## #.#
##.# #.#########.##
#.# #.#
#......##....# #.#
#.#
#......##.#..#####..
#......##........
##.....##))...#
#.....##@...#
###.........#
######....# ######


There were no monsters in sight!

Vanquished Creatures
  A hippogriff (D:7)
  Sigmund (D:6)
  A phantom (D:8)
  2 sky beasts
  7 ogres
  3 orc warriors
  A necrophage (D:8)
  A centaur (D:8)
  A big kobold (D:8)
  2 bullfrogs
  4 scorpions
  5 howler monkeys
  5 crimson imps
  A centaur zombie (D:9)
  3 orc priests
  2 centaur skeletons
  4 hounds
  8 orc wizards
  A bullfrog skeleton (D:9)
  5 worker ants
  Natasha (thrice) (D:2)
  A killer bee zombie (D:9)
  3 gnolls (D:6)
  8 adders
  A shadow imp (D:5)
  2 oozes
  An adder zombie (D:8)
  An adder skeleton (D:9)
  3 worms
  2 dart slugs (D:2)
  5 leopard geckos
  24 orcs
  2 ball pythons
  5 giant cockroaches
  7 goblins
  3 hobgoblins
  20 jackals
  A quokka (D:3)
  3 bats
  5 frilled lizards
  A giant cockroach zombie (D:5)
  12 kobolds
  A leopard gecko zombie (D:5)
  2 quokka zombies
  2 rats (D:3)
176 creatures vanquished.

Notes
Turn   | Place    | Note
-------+----------+-------------------------------------------
     0 | D:1      | rockboris the Minotaur Fighter began the quest for the Orb.
     0 | D:1      | Reached XP level 1. HP: 19/19 MP: 0/0
   575 | D:1      | Reached XP level 2. HP: 27/27 MP: 1/1
   615 | D:1      | Reached skill level 3 in Axes
   888 | D:2      | Noticed Natasha
   894 | D:2      | Killed Natasha
   894 | D:2      | Reached XP level 3. HP: 34/34 MP: 2/2
  1161 | D:2      | Noticed Natasha
  1166 | D:2      | Killed Natasha
  1166 | D:2      | Reached skill level 4 in Axes
  1222 | D:2      | Reached XP level 4. HP: 33/41 MP: 3/3
  1519 | D:2      | Reached skill level 5 in Fighting
  2242 | D:2      | Noticed Natasha
  2250 | D:2      | Killed Natasha
  2633 | D:3      | Reached XP level 5. HP: 42/48 MP: 4/4
  3213 | D:3      | Reached skill level 5 in Axes
  3725 | D:3      | Reached XP level 6. HP: 26/58 MP: 5/5
  4041 | D:4      | Reached skill level 6 in Axes
  4339 | D:4      | Found a shimmering altar of Xom.
  4369 | D:4      | Reached XP level 7. HP: 66/66 MP: 6/6
  4442 | D:4      | Found a white marble altar of Elyvilon.
  4507 | D:4      | Reached skill level 7 in Axes
  4948 | D:5      | Entered Level 5 of the Dungeon
  4948 | D:5      | Found Voffif's Gadget Shop.
  5032 | D:5      | Found a basalt altar of Yredelemnul.
  5377 | D:5      | Reached skill level 8 in Axes
  5686 | D:6      | Found a staircase to the Ecumenical Temple.
  5711 | D:6      | You fall through a shaft for 3 floors!
  5717 | D:9      | Reached XP level 8. HP: 56/77 MP: 7/7
  6158 | D:9      | Reached skill level 9 in Axes
  6220 | D:9      | Found a staircase to the Orcish Mines.
  6391 | D:9      | Found Jifuaw's Antique Armour Shoppe.
  6793 | D:8      | Reached skill level 10 in Fighting
  6925 | D:8      | Found a burning altar of Makhleb.
  6952 | D:8      | Reached skill level 10 in Axes
  7230 | D:8      | Reached XP level 9. HP: 85/85 MP: 8/8
  7326 | D:8      | Reached skill level 11 in Axes
  8038 | D:7      | Reached skill level 12 in Axes
  8210 | D:7      | Found an ancient bone altar of Kikubaaqudgha.
  8350 | D:7      | Got a dazzling whip {venom}
  8353 | D:7      | Identified the +7 whip of Intuition {venom, *Drain rElec Str+3 Stlth+} (You took it off an orc on level 7 of the Dungeon)
  8598 | D:7      | Found Caish's Food Shop.
  8682 | D:7      | Noticed Joseph
  8873 | D:6      | Found Ceewo's Assorted Antiques.
  8956 | D:6      | Noticed Sigmund
  8965 | D:6      | Killed Sigmund
  8965 | D:6      | Reached skill level 13 in Axes
  9004 | D:6      | Quit the game

Skill      XL: |  1  2  3  4  5  6  7  8  9 |
---------------+----------------------------+-----
Fighting       | 4 5 6 7 8 10 | 10.0
Axes           | 3 4 5 6 8 10 13 | 13.1
Armour         | 4 |  4.9
Shields        | |  3.6

Action                   |  1- 3 |  4- 6 |  7- 9 || total
-------------------------+-------+-------+-------++-------
Melee: War axe           |    45 |   139 |   250 ||   434
       Headbutt          |     5 |    20 |    64 ||    89
       Whip              |       |       |    40 ||    40
Throw: Stone             |       |       |     3 ||     3
  Use: Scroll            |     3 |     3 |     7 ||    13
       Potion            |       |     1 |     1 ||     2
  Eat: Chunk             |     1 |    10 |    15 ||    26
Armor: Scale mail        |    16 |    52 |       ||    68
       Plate armour      |       |     2 |   161 ||   163
Dodge: Dodged            |    28 |    60 |    68 ||   156
Block: Shield            |     1 |       |       ||     1
